 Dungeon Crawl Stone Soup version 0.20.1-1-g8b1a95d (webtiles) character file.

16642 fruggles the Bludgeoner (level 12, -4/91 HPs)
             Began as a Minotaur Fighter on Dec 2, 2017.
             Was a High Priest of Okawaru.
             Slain by a white ugly thing (16 damage)
             ... on level 12 of the Dungeon.
             The game lasted 01:01:22 (12032 turns).

fruggles the Bludgeoner (Minotaur Fighter)         Turns: 12032, Time: 01:01:23

Health: -4/91      AC: 20    Str: 27    XL:     12   Next: 11%
Magic:  10/10      EV: 10    Int:  3    God:    Okawaru [*****.]
Gold:   617        SH:  0    Dex: 12    Spells: 10/11 levels left

rFire    + + .     SeeInvis .   O - +3 flail (protect)
rCold    . . .     Gourm    .   (no shield)
rNeg     . . .     Faith    .   a - +6 scale mail "Vazon" {Str+3 Int-2 Slay+5 Stlth+}
rPois    +         Spirit   .   (helmet restricted)
rElec    +         Reflect  .   (no cloak)
rCorr    +         Harm     .   (no gloves)
MR       .....     Clarity  +   v - +0 pair of boots
Stlth    +.........             (no amulet)
Regen    0.3/turn               i - ring of fire
MPRegen  0.2/turn               T - +3 ring of protection

@: lethally poisoned (-4 -> -11), resistant
A: retaliatory headbutt, horns 2, blurry vision 1, clarity, low mp 1
a: Heroism, Finesse, Renounce Religion


You were on level 12 of the Dungeon.
You worshipped Okawaru.
Okawaru was extremely pleased with you.
You were not hungry.

You visited 3 branches of the dungeon, and saw 14 of its levels.

You collected 617 gold pieces.

Inventory:

Hand Weapons
 y - a +0 hunting sling
 O - a +3 flail of protection (weapon)
 R - a +4 great sword of holy wrath
Missiles
 Q - 106 sling bullets (quivered)
Armour
 a - the +6 scale mail "Vazon" (worn) {Str+3 Int-2 Slay+5 Stlth+}
   (Okawaru gifted it to you on level 10 of the Dungeon)

   It affects your strength (+3).
   It affects your intelligence (-2).
   It affects your accuracy and damage with ranged weapons and melee attacks
   (+5).
   It makes you more stealthy.
 h - a +0 shield
 v - a +0 pair of boots (worn)
 w - the +2 helmet of Kinte {+Fly rPois MR- Str+6, unknown}
   (You found it on level 4 of the Dungeon)

   It affects your strength (+6).
   It protects you from poison.
   It affects your resistance to hostile enchantments.
   It lets you fly.
 z - a +0 buckler of protection
Magical Staves
 S - an uncursed staff of death
Jewellery
 i - a ring of fire (left hand)
 G - an uncursed ring of teleportation
 T - a +3 ring of protection (right hand)
Wands
 c - a wand of digging (3/24)
 j - a wand of iceblast (10/15)
 o - a wand of random effects (30/48)
 p - a wand of confusion (19/48)
 u - a wand of acid (10/15)
 C - a wand of iceblast (13/15)
 L - a wand of flame (32/48)
 M - a wand of iceblast (4/15)
Scrolls
 e - 2 scrolls of immolation
 n - 4 scrolls of teleportation
 x - a scroll of amnesia
 A - a scroll of identify
 D - 2 scrolls of remove curse
 N - a scroll of magic mapping
 P - 2 scrolls of fear
 U - a scroll of enchant weapon
Potions
 b - a potion of berserk rage
 d - a potion of magic {unknown}
 l - a potion of might
 r - 3 potions of haste
 s - 4 potions of mutation
 t - a potion of brilliance {unknown}
 B - 2 potions of lignification
 E - a potion of degeneration {unknown}
 F - a potion of cancellation {unknown}
 H - 3 potions of ambrosia
 I - a potion of agility
Books
 g - a book of the Sky

   Spells                             Type                      Level
   a - Summon Lightning Spire         Summoning/Air                4
   b - Silence                        Hexes/Air                    5
   c - Deflect Missiles               Charms/Air                   6
   d - Conjure Ball Lightning         Conjuration/Air              6
   e - Tornado                        Air                          9
Comestibles
 f - 13 bread rations
 k - 2 royal jellies
 m - 7 meat rations
 J - 3 fruits


   Skills:
 - Level 4.1 Fighting
 - Level 16.6 Maces & Flails
 * Level 13.7 Armour
 + Level 8.7 Shields
 - Level 0.4 Invocations


You had 10 spell levels left.
You knew the following spells:

 Your Spells              Type           Power        Failure   Level  Hunger
a - Apportation           Tloc           #.....       73%         1    ##.....


Dungeon Overview and Level Annotations

Branches:
Dungeon (11/15)            Temple (1/1) D:4            Lair (1/6) D:10
    Orc: D:9-12

Altars:
Cheibriados
Dithmenos
Elyvilon
Fedhas
Gozag
Hepliaklqana
Makhleb
Nemelex Xobeh
Okawaru
Ru
Sif Muna
Trog
Vehumet
Xom
The Shining One

Shops:
D:12 (


Innate Abilities, Weirdness & Mutations

You reflexively headbutt those who attack you in melee.
You have a pair of horns on your head.
Scrolls take you a little longer to read.
You possess an exceptional clarity of mind.
Your magical capacity is low. (-10% MP)


Message History

You closely miss the white ugly thing. You headbutt the white ugly thing.
The white ugly thing is almost dead.
You feel sick.
The white ugly thing gores you but does no damage.
There are monsters nearby!
You barely miss the white ugly thing.
The white ugly thing is almost dead.
You feel sick.
The white ugly thing gores you but does no damage.
You feel sick. The kobold hits you but does no damage.
You feel sick.
You feel sick.
The big kobold hits you with a short sword.
* * * LOW HITPOINT WARNING * * *
You feel sick.
You feel sick.
You feel sick. The white ugly thing gores you!
* * * LOW HITPOINT WARNING * * *
The white ugly thing freezes you!
You die...

.##########..............(#
.#........#...............#
.#........#....######..(..#
.#........'....#....#)##..#
.#........'....#.....(†#..#
.##########..###.......#..#
.............#.........#..#
.............#...KKK...#..#
###..........#..@uK....#..#
..#..........#'#########...
..#.#'###........
..#.#...#...#####
..#.#...'...# ..#.#.>.#...#
..#.#...#[..# ..#.#####...#
..#.........#


You could see a white ugly thing, a big kobold and 3 kobolds.

Vanquished Creatures
  A hydra (D:10)
  5 two-headed ogres
  A death knight (D:12)
  Erica (D:8)
  The ghost of WeeknightWizard the Destroyer, a novice DECj of Sif Muna (D:10)
  An unseen horror (D:12)
  Pikel (D:8)
  A cyclops (D:11)
  2 ugly things
  Joseph (D:8)
  A centaur zombie (D:12)
  Psyche (D:8)
  2 trolls
  6 hippogriffs
  Grinder (D:6)
  A spriggan (D:7)
  A wyvern (D:10)
  5 yaks (D:10)
  3 hungry ghosts
  Duvessa (D:6)
  A black bear (D:8)
  2 sky beasts
  An ice beast (D:7)
  7 ogres
  A hornet zombie (D:12)
  A wolf (D:10)
  2 big kobolds
  A centaur (D:9)
  Blork the orc (D:6)
  6 bullfrogs
  Dowan (D:6)
  A scorpion (D:12)
  8 wights (D:8)
  15 killer bees
  A howler monkey (D:5)
  2 electric eels (D:10)
  2 bullfrog zombies
  5 crimson imps
  A quasit (D:10)
  8 hounds
  4 jellies
  A bullfrog skeleton (D:4)
  2 centaur skeletons
  2 iguanas (D:9)
  5 orc wizards
  7 worker ants
  A hound zombie (D:8)
  Robin (D:4)
  A howler monkey zombie (D:6)
  12 gnolls
  A howler monkey skeleton (D:11)
  12 adders
  2 shadow imps
  An ooze (D:6)
  3 worms
  3 dart slugs
  5 leopard geckos
  15 orcs
  10 bats
  3 giant cockroaches
  14 goblins
  11 hobgoblins
  2 jackals (D:1)
  17 kobolds
  5 quokkas
  A ball python (D:1)
  3 frilled lizards
  7 rats
  3 plants (D:1)
258 creatures vanquished.

Vanquished Creatures (others)
  4 slaves (D:8)
  A water moccasin skeleton (D:10)
  A shadow imp (D:8)
6 creatures vanquished.

Grand Total: 264 creatures vanquished

Notes
Turn   | Place    | Note
-------+----------+-------------------------------------------
     0 | D:1      | fruggles the Minotaur Fighter began the quest for the Orb.
     0 | D:1      | Reached XP level 1. HP: 19/19 MP: 0/0
   228 | D:1      | Reached XP level 2. HP: 23/27 MP: 1/1
  1248 | D:2      | Reached XP level 3. HP: 33/33 MP: 2/2
  1261 | D:2      | Reached skill level 3 in Maces & Flails
  1425 | D:2      | Found a shimmering altar of Xom.
  1627 | D:2      | Reached XP level 4. HP: 28/40 MP: 3/3
  1723 | D:2      | Reached skill level 4 in Maces & Flails
  1845 | D:2      | Found an opulent altar of Gozag.
  1847 | D:2      | Found a shadowy altar of Dithmenos.
  2464 | D:3      | Found a radiant altar of Vehumet.
  2549 | D:3      | Reached XP level 5. HP: 46/46 MP: 4/4
  2651 | D:3      | Reached skill level 5 in Maces & Flails
  2698 | D:3      | Found a faded altar of an unknown god.
  2736 | D:3      | Reached skill level 5 in Armour
  3329 | D:4      | Noticed Robin
  3358 | D:4      | Got a distressingly furry helmet
  3374 | D:4      | Killed Robin
  3418 | D:4      | Reached XP level 6. HP: 37/52 MP: 5/5
  3543 | D:4      | Found a staircase to the Ecumenical Temple.
  3582 | Temple   | Entered the Ecumenical Temple
  3657 | Temple   | Became a worshipper of Warmaster Okawaru
  3904 | D:4      | Reached skill level 6 in Maces & Flails
  4085 | D:5      | Entered Level 5 of the Dungeon
  4266 | D:5      | Reached skill level 7 in Maces & Flails
  4266 | D:5      | Reached XP level 7. HP: 54/59 MP: 6/6
  4321 | D:5      | Reached * piety under Okawaru
  4325 | D:5      | Reached skill level 8 in Maces & Flails
  4539 | D:5      | Got a pitted ring mail
  4550 | D:5      | Identified the cursed +1 ring mail "Keiffois" {rPois rC+} (You found it on level 5 of the Dungeon)
  4954 | D:6      | Found a sparkling altar of Nemelex Xobeh.
  4979 | D:6      | Reached skill level 9 in Maces & Flails
  5113 | D:6      | Noticed Blork the orc
  5153 | D:6      | Killed Blork the orc
  5153 | D:6      | Reached XP level 8. HP: 37/66 MP: 7/7
  5204 | D:6      | Noticed Grinder
  5225 | D:6      | Killed Grinder
  5225 | D:6      | Reached ** piety under Okawaru
  5225 | D:6      | Reached skill level 10 in Maces & Flails
  5514 | D:6      | Reached skill level 11 in Maces & Flails
  5761 | D:6      | Noticed Duvessa
  5766 | D:6      | Noticed Dowan
  5785 | D:6      | Killed Duvessa
  5790 | D:6      | Killed Dowan
  5804 | D:6      | Reached skill level 12 in Maces & Flails
  6901 | D:7      | Reached XP level 9. HP: 64/71 MP: 8/8
  7360 | D:8      | Noticed Pikel
  7379 | D:8      | Killed Pikel
  7379 | D:8      | Reached *** piety under Okawaru
  7379 | D:8      | Reached skill level 13 in Maces & Flails
  7409 | D:8      | Noticed Joseph
  7450 | D:8      | Killed Joseph
  7450 | D:8      | Reached skill level 14 in Maces & Flails
  7556 | D:8      | Noticed a two-headed ogre
  7861 | D:7      | Gained mutation: Your magical capacity is low. (-10% MP) [potion of mutation]
  7861 | D:7      | Gained mutation: Scrolls take you a little longer to read. [potion of mutation]
  7861 | D:7      | Gained mutation: You possess an exceptional clarity of mind. [potion of mutation]
  7898 | D:8      | Found a burning altar of Makhleb.
  7905 | D:8      | Noticed a blizzard demon
  7909 | D:8      | Noticed a hellwing
  7950 | D:8      | Killed a two-headed ogre
  7950 | D:8      | Reached **** piety under Okawaru
  7950 | D:8      | Reached skill level 15 in Maces & Flails
  7974 | D:8      | Reached XP level 10. HP: 25/78 MP: 8/8
  8591 | D:8      | Noticed Psyche
  8608 | D:8      | Killed Psyche
  8608 | D:8      | Reached skill level 16 in Maces & Flails
  8649 | D:8      | Noticed Erica
  8659 | D:8      | Killed Erica
  8809 | D:9      | Reached ***** piety under Okawaru
  8837 | D:9      | Noticed a two-headed ogre
  8867 | D:9      | Killed a two-headed ogre
  8867 | D:9      | Received a gift from Okawaru
  9199 | D:9      | Noticed a two-headed ogre
  9212 | D:9      | Killed a two-headed ogre
  9523 | D:9      | Learned a level 1 spell: Apportation
  9739 | D:9      | Reached XP level 11. HP: 64/84 MP: 9/9
 10202 | D:10     | Entered Level 10 of the Dungeon
 10236 | D:10     | Noticed WeeknightWizard's ghost (novice DECj)
 10259 | D:10     | Reached skill level 10 in Armour
 10286 | D:10     | Killed WeeknightWizard's ghost
 10286 | D:10     | Reached skill level 5 in Shields
 10639 | D:10     | Received a gift from Okawaru
 10642 | D:10     | Got a fine scale mail {god gift}
 10653 | D:10     | Identified the +6 scale mail "Vazon" {Str+3 Int-2 Slay+5 Stlth+} (Okawaru gifted it to you on level 10 of the Dungeon)
 10708 | D:10     | Noticed a seven-headed hydra
 10718 | D:10     | Killed a seven-headed hydra
 10931 | D:10     | Found a staircase to the Lair.
 10984 | Lair:1   | Entered Level 1 of the Lair of Beasts
 11282 | D:11     | Noticed a purple ugly thing
 11295 | D:11     | Killed a purple ugly thing
 11488 | D:11     | You fall through a shaft!
 11488 | D:12     | Found Opyerghou's Weapon Shoppe.
 11557 | D:12     | Killed an unseen horror
 11559 | D:12     | Noticed a death knight
 11565 | D:12     | Killed a death knight
 11750 | D:12     | Noticed a two-headed ogre
 11760 | D:12     | Killed a two-headed ogre
 11760 | D:12     | Reached XP level 12. HP: 51/91 MP: 10/10
 11989 | D:12     | Noticed a two-headed ogre
 12006 | D:12     | Killed a two-headed ogre
 12006 | D:12     | Received a gift from Okawaru
 12032 | D:12     | Slain by a white ugly thing

Skill      XL: |  1  2  3  4  5  6  7  8  9 10 11 |
---------------+----------------------------------+-----
Shields        | 4 8 |  8.7
Fighting       | 4 |  4.1
Armour         | 4 5 6 9 13 | 13.7
Maces & Flails | 3 4 5 7 9 12 15 16 | 16.6
Invocations    | |  0.4

Action                   |  1- 3 |  4- 6 |  7- 9 | 10-12 || total
-------------------------+-------+-------+-------+-------++-------
Melee: Flail             |    57 |       |    60 |   416 ||   533
       Headbutt          |    39 |    24 |    68 |    98 ||   229
       Mace              |   166 |   200 |   221 |       ||   587
       Whip              |       |       |     7 |       ||     7
Invok: Heroism           |       |       |     1 |       ||     1
  Use: Potion            |       |     3 |     7 |    11 ||    21
       Scroll            |       |       |    11 |    10 ||    21
 Stab: Invisible         |       |       |       |     2 ||     2
  Eat: Bread ration      |     1 |       |     1 |     2 ||     4
       Chunk             |       |     7 |    11 |     7 ||    25
Armor: Scale mail        |    36 |    95 |     4 |   130 ||   265
       Ring mail         |       |       |    43 |       ||    43
       Chain mail        |       |       |    47 |   142 ||   189
Dodge: Dodged            |    20 |    53 |    66 |    92 ||   231
Block: Shield            |    60 |   133 |   113 |   211 ||   517
